 Dungeon Crawl Stone Soup version 0.20-a0-217-g17e8ceb (webtiles) character file.

77 Yakui the Magician (level 4, 0/24 HPs)
             Began as a Deep Elf Earth Elementalist on Nov 28, 2016.
             Slain by an adder (1 damage)
             ... on level 2 of the Dungeon.
             The game lasted 00:06:12 (1900 turns).

Yakui the Magician (Deep Elf Earth Elementalist)    Turns: 1900, Time: 00:06:12

Health: 0/24       AC:  4    Str:  7    XL:     4   Next: 14%
Magic:  2/12       EV: 13    Int: 21    God:
Gold:   71         SH:  0    Dex: 15    Spells: 8/12 levels left

rFire  . . .     SeeInvis .     r - +0 rapier
rCold  . . .     Gourm    .     c - +0 robe
rNeg   . . .     Faith    .     (no shield)
rPois  .         Spirit   .     (no helmet)
rElec  .         Reflect  .     (no cloak)
rCorr  .         Harm     .     n - +0 pair of gloves
MR     .....                    (no boots)
Stlth  ++........               (no amulet)
                                (no ring)
                                (no ring)

@: lethally poisoned (0 -> -4)
A: rugged brown scales 1, strong 1, sturdy frame 1
a: no special abilities


You were on level 2 of the Dungeon.
You were not hungry.

You visited 1 branch of the dungeon, and saw 2 of its levels.

You collected 71 gold pieces.


Innate Abilities, Weirdness & Mutations

You are partially covered in rugged brown scales. (AC +1, +3% HP)
Your muscles are strong. (Str +2)
Your movements are slightly less encumbered by armour. (ER -2)


   Skills:
 - Level 2.4 Dodging
 - Level 2.4 Stealth
 + Level 4.8 Spellcasting
   Level 1.1 Transmutations
 + Level 4.4 Earth Magic


You had 8 spell levels left.
You knew the following spells:

 Your Spells              Type           Power        Failure   Level  Hunger
x - Stone Arrow           Conj/Erth      ##....       17%         3    ##.....
z - Sandblast             Erth           ###...       1%          1    None

Inventory:

Hand Weapons
 r - a +0 rapier (weapon)
Missiles
 b - 29 stones (quivered)
Armour
 c - a +0 robe (worn)
 n - a +0 pair of gloves (worn)
Wands
 l - a wand of lightning (3/15)
Scrolls
 a - a scroll of enchant armour {unknown}
 f - 4 scrolls of amnesia {unknown}
 h - a scroll of identify {unknown}
 k - a scroll of random uselessness {unknown}
Potions
 g - a potion of might {unknown}
 j - a potion of agility {unknown}
 q - a potion of mutation {!q}
Books
 e - a book of Geomancy

   Spells                             Type                      Level
   a - Sandblast                      Earth                        1
   b - Passwall                       Transmutation/Earth          2
   c - Stone Arrow                    Conjuration/Earth            3
   d - Petrify                        Transmutation/Earth          4
   e - Lee's Rapid Deconstruction     Earth                        5
Comestibles
 d - 2 bread rations
 i - a meat ration
 m - a fruit
 o - a chunk of flesh
 p - a slice of pizza

Dungeon Overview and Level Annotations

Branches:
Dungeon (2/15)

Altars:

▒...▒ ▒.. ▒÷..▒ ▒.. ▒...▒ ▒▒.
▒▒▒▒▒▒...▒ ▒.
▒....)...▒▒▒▒▒▒▒▒▒ ▒▒▒▒.
▒........▒........ ▒....
▒.......▒▒........ ▒.▒▒.
▒.......▒▒S.........▒ ▒.▒▒.
▒.......▒▒e..[...... ▒.▒▒.
▒▒▒......>.'.......... ▒.▒▒.
▒.........▒▒......... ▒▒▒.▒▒.
▒.........▒▒...........▒▒.▒▒)
▒.........▒▒▒▒▒▒▒...▒▒.▒▒.▒▒.
▒.........▒ ▒......▒▒.▒▒.▒▒.
▒.........▒ ▒▒......▒▒.▒▒.▒▒.
▒.........................▒▒.
▒▒▒▒▒▒▒▒......▒▒▒.........▒▒.


You could see an adder.


Message History

The adder poisons you!
You barely miss the adder.
The adder is moderately wounded.
You feel sick. The adder misses you. The adder barely misses you.
Some of the chunks of flesh in your inventory have rotted away.
You hit the adder.
The adder is severely wounded.
You feel sick. The adder bites you.
* * * LOW HITPOINT WARNING * * *
You hit the adder.
The adder is severely wounded.
The adder bites you.
* * * LOW HITPOINT WARNING * * *
The adder bites you.
* * * LOW HITPOINT WARNING * * *
You barely miss the adder.
The adder is severely wounded.
The adder barely misses you. The adder bites you.
* * * LOW HITPOINT WARNING * * *
You barely miss the adder.
The adder is severely wounded.
* * * LOW HITPOINT WARNING * * *
You feel sick. The adder misses you.
Unknown command.
It was a potion of mutation.
You feel extremely strange.
Rugged brown scales grow over part of your body.
You feel less encumbered by your armour.
You feel stronger. The adder misses you. The adder bites you.
You die...

Action                   |  1- 3 |  4- 6 || total
-------------------------+-------+-------++-------
Melee: Unarmed           |    18 |       ||    18
       Mace              |    41 |       ||    41
       Rapier            |     4 |     7 ||    11
 Cast: Sandblast         |    44 |     6 ||    50
       Stone Arrow       |     2 |     2 ||     4
  Use: Potion            |       |     1 ||     1
 Stab: Sleeping          |     5 |     1 ||     6
  Eat: Chunk             |     2 |     1 ||     3
Armor: Robe              |    22 |     1 ||    23
Dodge: Dodged            |    67 |    12 ||    79

Vault maps used:
D:1:      onia_arrival_mini_maze_b
D:2:      first_bread, uniq_iyjb

Notes
Turn   | Place    | Note
-------+----------+-------------------------------------------
     0 | D:1      | Yakui the Deep Elf Earth Elementalist began the quest for the Orb.
     0 | D:1      | Reached XP level 1. HP: 10/10 MP: 6/6
   446 | D:1      | Reached XP level 2. HP: 15/15 MP: 6/8
   700 | D:1      | Reached skill level 4 in Spellcasting
   702 | D:1      | Reached skill level 4 in Earth Magic
   706 | D:1      | Reached XP level 3. HP: 9/19 MP: 2/10
   927 | D:1      | Learned a level 3 spell: Stone Arrow
  1671 | D:2      | Noticed Ijyb
  1678 | D:2      | Killed Ijyb
  1678 | D:2      | Reached XP level 4. HP: 9/24 MP: 3/12
  1898 | D:2      | HP: 2/24 [adder (3)]
  1900 | D:2      | Gained mutation: You are partially covered in rugged brown scales. (AC +1, +3% HP) [potion of mutation]
  1900 | D:2      | Gained mutation: Your movements are slightly less encumbered by armour. (ER -2) [potion of mutation]
  1900 | D:2      | Gained mutation: Your muscles are strong. (Str +2) [potion of mutation]
  1900 | D:2      | Slain by an adder

Vanquished Creatures
  Ijyb (D:2)
  An ooze (D:1)
  3 dart slugs (D:1)
  7 bats
  A giant cockroach (D:2)
  4 goblins
  3 hobgoblins
  4 jackals (D:1)
  7 kobolds
  3 frilled lizards
  10 rats
44 creatures vanquished.
